[Event "Titled Tuesday Blitz April 4 Early 2023"]
[White "Silva Lucena, Cristian"]
[Black "Florescu, Codrut-Constantin"]
[WhiteFideId "2232588"]
[BlackFideId "1202200"]
[WhiteElo "2223"]
[BlackElo "2191"]
[Result "1-0"]
[Round "02"]
[TimeControl "180+2"]
[Date "2023.04.04"]
[WhiteClock "0:00:50"]
[BlackClock "0:01:09"]

1. e4 c5 2. Ne2 e6 3. d4 cxd4 4. Nxd4 a6 5. Nc3 d6 6. Be3 Nf6 7. f3 b5 8. Qd2 h5 9. a4 b4 10. Na2 a5 11. c3 d5 12. e5 Nfd7 13. f4 Nc5 14. cxb4 axb4 15. Bb5+ Bd7 16. O-O Ne4 17. Qe1 g6 18. Nxb4 Bc5 19. Nd3 Bxd4 20. Bxd4 Nc6 21. Bxc6 Bxc6 22. a5 Bb5 23. Rf3 Bxd3 24. Rxd3 O-O 25. b4 Qd7 26. Rb3 Qb5 27. Qf1 Rfb8 28. Qxb5 Rxb5 29. a6 Nd2 30. Rd3 Nc4 31. Bc5 Nb6 32. a7 Kg7 33. Rda3 Nc4 34. Ra6 Nd2 35. R1a3 g5 36. fxg5 Ne4 37. Rb6 Rxb6 38. Bxb6 Nd2 39. Bd4 h4 40. b5 1-0


[Site "https://www.chess.com"]

[Event "Titled Tuesday Blitz April 4 Early 2023"]
[White "Fishchuk, Vladyslav"]
[Black "Yanayt, Eugene"]
[WhiteFideId "34122117"]
[BlackFideId "2020165"]
[WhiteElo "2082"]
[BlackElo "2083"]
[Result "1-0"]
[Round "02"]
[TimeControl "180+2"]
[Date "2023.04.04"]
[WhiteClock "0:02:13"]
[BlackClock "0:02:08"]

1. d4 Nf6 2. Nc3 g6 3. e4 d5 4. e5 Ne4 5. Nce2 e6 6. f3 Ng5 7. h4 Be7 8. hxg5 Bxg5 9. Bxg5 Qxg5 10. f4 Qe7 11. Nf3 c5 12. c3 Nc6 13. Qd2 b5 14. g4 a5 15. Ng3 b4 16. Bb5 Bd7 17. f5 Nxe5 18. Nxe5 Bxb5 19. fxg6 O-O-O 20. Nxf7 e5 21. Nf5 Qf6 22. dxe5 Qxg6 23. Ne7+ 1-0


[Site "https://www.chess.com"]

[Event "Titled Tuesday Blitz April 4 Early 2023"]
[White "Kleiman, Jake"]
[Black "Deuer, Marius"]
[WhiteFideId "2020041"]
[BlackFideId "16236432"]
[WhiteElo "2618"]
[BlackElo "2163"]
[Result "0-1"]
[Round "02"]
[TimeControl "180+2"]
[Date "2023.04.04"]
[WhiteClock "0:00:18"]
[BlackClock "0:00:27"]

1. d4 g6 2. Bf4 Bg7 3. e3 d6 4. Nf3 Nd7 5. Be2 e5 6. Bg3 Ne7 7. c4 O-O 8. Nc3 c6 9. O-O Nf5 10. dxe5 dxe5 11. Qc2 Qe7 12. Rad1 Nc5 13. b4 Na6 14. a3 Nc7 15. c5 Nxg3 16. hxg3 Bf5 17. Qa2 a5 18. Qb3 axb4 19. axb4 Ne6 20. Bc4 e4 21. Nh2 Ng5 22. Rd2 Be5 23. Rfd1 Rfd8 24. Nf1 Bg4 25. Ne2 Kg7 26. Nh2 h5 27. Nxg4 hxg4 28. Rxd8 Rxd8 29. Rxd8 Qxd8 30. Qc2 f5 31. Nf4 Kf6 32. Kf1 b6 33. cxb6 Qxb6 34. Be2 Bxf4 35. gxf4 Ne6 36. Qc3+ Ke7 37. Bc4 Qd8 38. Ke1 Qd6 39. g3 Kd7 40. Ke2 Kc7 41. Qf6 Nxf4+ 0-1


[Site "https://www.chess.com"]

[Event "Titled Tuesday Blitz April 4 Early 2023"]
[White "Han, Yichen"]
[Black "Toktomushev, Teimur"]
[WhiteFideId "1054430"]
[BlackFideId "14176726"]
[WhiteElo "2342"]
[BlackElo "2116"]
[Result "0-1"]
[Round "02"]
[TimeControl "180+2"]
[Date "2023.04.04"]
[WhiteClock "0:00:25"]
[BlackClock "0:00:07"]

1. Nf3 d5 2. c4 e6 3. b3 Nf6 4. Bb2 Be7 5. e3 O-O 6. Be2 b6 7. cxd5 Nxd5 8. O-O Bb7 9. d3 c5 10. Nbd2 Nc6 11. Rc1 Rc8 12. Nc4 Bf6 13. Qd2 Qe7 14. e4 Bxb2 15. Qxb2 Nf4 16. Rfd1 Rfd8 17. Bf1 f6 18. g3 Ng6 19. Bh3 Nd4 20. Nxd4 Rxd4 21. Ne3 Rcd8 22. Qe2 Ne5 23. Rc3 Ba6 24. Nc4 Bxc4 25. bxc4 Qd6 26. Bf1 Nxc4 27. f4 e5 28. a4 Na5 29. f5 Rxa4 30. Rb1 Qd4+ 31. Qf2 Qxc3 32. g4 Qd4 33. h4 Qxf2+ 34. Kxf2 Rdd4 35. g5 Rdb4 36. Rc1 Ra2+ 37. Ke3 Nb3 38. Rc3 Nd4 39. g6 hxg6 40. fxg6 Rbb2 41. Rc4 Re2+ 42. Bxe2 Rxe2# 0-1


[Site "https://www.chess.com"]

[Event "Titled Tuesday Blitz April 4 Early 2023"]
[White "Legenia, Artem"]
[Black "Al-Tarboush, Ward"]
[WhiteFideId "14136945"]
[BlackFideId "7601450"]
[WhiteElo "1992"]
[BlackElo "2265"]
[Result "0-1"]
[Round "02"]
[TimeControl "180+2"]
[Date "2023.04.04"]
[WhiteClock "0:01:27"]
[BlackClock "0:02:13"]

1. e4 c5 2. Nc3 Nc6 3. f4 e6 4. Nf3 d5 5. Bb5 d4 6. Ne2 Ne7 7. O-O g6 8. Bxc6+ Nxc6 9. d3 Bg7 10. f5 exf5 11. Qe1 fxe4 12. Ng5 O-O 13. Nxe4 Qe7 14. Bg5 f6 15. Bf4 Ne5 16. b4 b6 17. bxc5 bxc5 18. Qa5 c4 19. Nxd4 Bb7 20. Nc5 Bd5 21. Rae1 Rae8 22. Nd7 Qxd7 0-1


[Site "https://www.chess.com"]

[Event "Titled Tuesday Blitz April 4 Early 2023"]
[White "Guzman Moneo, Alberto"]
[Black "Sielecki, Christof"]
[WhiteFideId "2209616"]
[BlackFideId "4620437"]
[WhiteElo "2157"]
[BlackElo "2443"]
[Result "0-1"]
[Round "02"]
[TimeControl "180+2"]
[Date "2023.04.04"]
[WhiteClock "0:00:02"]
[BlackClock "0:00:09"]

1. e4 c5 2. Nc3 a6 3. Nf3 b5 4. d4 cxd4 5. Nxd4 e6 6. Bd3 Qb6 7. Nb3 Qc7 8. O-O Bb7 9. f4 b4 10. Ne2 Nf6 11. Ng3 h5 12. e5 h4 13. exf6 hxg3 14. hxg3 gxf6 15. Be3 Nc6 16. Qe2 Ne7 17. c4 bxc3 18. Rac1 Nd5 19. Bf2 Bd6 20. bxc3 Bxf4 21. c4 Bxc1 22. cxd5 Ba3 23. Qf3 Be7 24. Rc1 Qe5 25. Bd4 Qxd5 26. Qxd5 Bxd5 27. Rd1 Rg8 28. Kf2 f5 29. Nc5 Bd6 30. Rb1 Bxg3+ 31. Ke2 Bd6 32. Nb7 Rxg2+ 33. Kf1 Be7 34. Bc4 Rg4 35. Bxd5 Rxd4 36. Bf3 Rc8 37. Kf2 Rdc4 38. Na5 Rc2+ 39. Kg3 Rxa2 40. Rb7 Rxa5 41. Ra7 Rac5 42. Kf4 R5c7 43. Rxa6 f6 44. Bh5+ Kf8 45. Ra2 Bd6+ 46. Kf3 Ke7 47. Bg6 Rc3+ 48. Ke2 Rc2+ 49. Kd1 Rxa2 50. Bxf5 exf5 51. Ke1 Rc1# 0-1


[Site "https://www.chess.com"]

[Event "Titled Tuesday Blitz April 4 Early 2023"]
[White "Itkis, Boris"]
[Black "Gabdrakhmanov, Azat"]
[WhiteFideId "1209167"]
[BlackFideId "34189197"]
[WhiteElo "2216"]
[BlackElo "2306"]
[Result "0-1"]
[Round "02"]
[TimeControl "180+2"]
[Date "2023.04.04"]
[WhiteClock "0:00:49"]
[BlackClock "0:01:07"]

1. d4 Nf6 2. c4 g6 3. Nc3 Bg7 4. e4 O-O 5. f3 d6 6. Nge2 a6 7. Be3 c6 8. Qd2 b5 9. g4 Nbd7 10. Ng3 e5 11. d5 cxd5 12. cxd5 Nc5 13. O-O-O b4 14. Nce2 Bd7 15. Kb1 Rc8 16. h4 Qa5 17. h5 Ba4 18. Rc1 Nb3 19. axb3 Bxb3 20. Nc3 bxc3 21. bxc3 Rb8 22. c4 Bd1+ 0-1


[Site "https://www.chess.com"]

[Event "Titled Tuesday Blitz April 4 Early 2023"]
[White "Dixit, Nikhil"]
[Black "Avazkhonov, Alikhon"]
[WhiteFideId "5059534"]
[BlackFideId "14208504"]
[WhiteElo "2207"]
[BlackElo "1739"]
[Result "0-1"]
[Round "02"]
[TimeControl "180+2"]
[Date "2023.04.04"]
[WhiteClock "0:01:39"]
[BlackClock "0:00:44"]

1. e4 c5 2. Nf3 d6 3. Bb5+ Nd7 4. d4 cxd4 5. Qxd4 Nf6 6. Nc3 e6 7. Bg5 Be7 8. Bxf6 gxf6 9. O-O-O O-O 10. Kb1 a6 11. Bd3 b5 12. Qe3 Re8 13. Qh6 Bf8 14. Qh5 Ne5 15. Nxe5 fxe5 16. f4 Qf6 17. f5 b4 18. Ne2 exf5 19. exf5 e4 20. Bc4 Qxf5 21. Qh4 Be6 22. Rdf1 Qe5 23. Bxe6 Rxe6 24. Nf4 Bg7 25. c3 bxc3 26. Nxe6 c2+ 27. Kxc2 Qxb2+ 28. Kd1 Qb1+ 29. Ke2 Qd3+ 30. Kf2 fxe6 31. Qg3 Rf8+ 32. Ke1 Qb1+ 33. Ke2 Qc2+ 34. Ke1 Rb8 0-1


[Site "https://www.chess.com"]

[Event "Titled Tuesday Blitz April 4 Early 2023"]
[White "Hnydiuk, Aleksander"]
[Black "Carre, Sylvain"]
[WhiteFideId "1109057"]
[BlackFideId "642118"]
[WhiteElo "2374"]
[BlackElo "2105"]
[Result "1-0"]
[Round "02"]
[TimeControl "180+2"]
[Date "2023.04.04"]
[WhiteClock "0:00:23"]
[BlackClock "0:00:12"]

1. Nf3 d5 2. d4 Nf6 3. c4 c5 4. cxd5 cxd4 5. Qxd4 Qxd5 6. Nc3 Qxd4 7. Nxd4 a6 8. g3 e5 9. Nc2 Bd7 10. Bg2 Bc6 11. O-O Bxg2 12. Kxg2 Nc6 13. Bg5 Be7 14. Ne3 O-O 15. Nf5 h6 16. Bxf6 Bxf6 17. Nd5 Bd8 18. Rac1 Kh7 19. Rfd1 g6 20. Nd6 Rb8 21. b3 Nd4 22. e3 Ne6 23. h4 Kg7 24. h5 Bg5 25. hxg6 fxg6 26. Nb6 Rfd8 27. Ndc4 Bf6 28. Nd7 Rbc8 29. Ncxe5 Rxc1 30. Rxc1 Bxe5 31. Nxe5 Rd2 32. a4 Rb2 33. Rc3 b5 34. Nd3 Rb1 35. a5 Ng5 36. b4 Rd1 37. Rc7+ Kf6 38. Rc6+ Kg7 39. Nf4 Ne4 40. Re6 g5 41. Nh5+ 1-0


[Site "https://www.chess.com"]

[Event "Titled Tuesday Blitz April 4 Early 2023"]
[White "Ehlvest, Jaan"]
[Black "Ansh M Shah"]
[WhiteFideId "4500016"]
[BlackFideId "25033379"]
[WhiteElo "2442"]
[BlackElo "2084"]
[Result "1-0"]
[Round "02"]
[TimeControl "180+2"]
[Date "2023.04.04"]
[WhiteClock "0:01:14"]
[BlackClock "0:00:24"]

1. e4 c6 2. d4 d5 3. exd5 cxd5 4. Bd3 Nc6 5. c3 Nf6 6. h3 e5 7. dxe5 Nxe5 8. Nf3 Nxd3+ 9. Qxd3 Bd6 10. O-O O-O 11. Bg5 h6 12. Bh4 g5 13. Bg3 Bxg3 14. fxg3 Qb6+ 15. Nd4 Ne4 16. Nd2 Qxb2 17. Nxe4 dxe4 18. Qe3 f5 19. h4 f4 20. Qxe4 Qxc3 21. Qg6+ Kh8 22. Qxh6+ Kg8 23. Qxg5+ Kh8 24. Qe5+ Kg8 25. gxf4 Bd7 26. Rac1 Qg3 27. Rc7 Bc6 28. Qe6+ Kh8 29. Qh6+ Kg8 30. Qh7# 1-0


[Site "https://www.chess.com"]

[Event "Titled Tuesday Blitz April 4 Early 2023"]
[White "Jain Kashish Manoj"]
[Black "Shukhman, Anna"]
[WhiteFideId "35081098"]
[BlackFideId "54180058"]
[WhiteElo "2191"]
[BlackElo "2125"]
[Result "1-0"]
[Round "02"]
[TimeControl "180+2"]
[Date "2023.04.04"]
[WhiteClock "0:00:29"]
[BlackClock "0:00:57"]

1. d4 Nf6 2. c4 e6 3. Nf3 d5 4. g3 c5 5. Bg2 Nc6 6. cxd5 exd5 7. O-O Bd6 8. dxc5 Bxc5 9. Nc3 O-O 10. Bg5 Be6 11. Rc1 Be7 12. Nd4 Nxd4 13. Qxd4 Rc8 14. Rfd1 h6 15. Bxf6 Bxf6 16. Qxa7 d4 17. Ne4 Ra8 18. Nxf6+ Qxf6 19. Qxd4 Qxd4 20. Rxd4 Rxa2 21. Rb4 Rd8 22. Rb1 Rd2 23. Kf1 Bf5 24. e4 Bc8 25. Ke1 Rc2 26. Bf1 Ra5 27. Rc4 Rc5 28. Rxc5 Rxc5 29. Kd2 Kf8 30. Bd3 Ke7 31. Rc1 Rxc1 32. Kxc1 Kd6 33. Kd2 b6 34. Ke3 g5 35. Kd4 f6 36. f4 Bd7 37. Bc4 b5 38. Ba2 Be8 39. e5+ fxe5+ 40. fxe5+ Ke7 41. Kc5 Bd7 42. Bd5 Be8 43. b4 Bd7 44. Bc6 Bc8 45. Bxb5 Ke6 46. Kd4 Bb7 47. Bd3 h5 48. Be4 Ba6 49. Bd3 Bb7 50. b5 h4 51. gxh4 gxh4 52. Be4 Bc8 53. b6 h3 54. b7 Bxb7 55. Bxb7 Kf7 56. Bc8 Kg6 57. Bxh3 Kg5 58. Bg2 Kf4 59. h3 Kg3 60. Kd5 Kxg2 61. h4 Kg3 62. h5 Kf3 63. h6 Kg4 64. h7 Kf4 65. h8=Q Kg4 66. e6 Kf4 67. Qf6+ Kg4 68. e7 Kg3 69. e8=Q Kg4 70. Qg8+ 1-0


[Site "https://www.chess.com"]

[Event "Titled Tuesday Blitz April 4 Early 2023"]
[White "HamedWafa4"]
[Black "Staudenhocker43"]
[WhiteElo "2360"]
[BlackElo "2554"]
[Result "1/2-1/2"]
[Round "02"]
[TimeControl "180+2"]
[Date "2023.04.04"]
[WhiteClock "0:00:16"]
[BlackClock "0:00:10"]

1. e4 c5 2. Nf3 d6 3. Bb5+ Bd7 4. Bxd7+ Qxd7 5. O-O Nc6 6. c3 d5 7. exd5 Qxd5 8. d4 e6 9. Be3 cxd4 10. cxd4 Nf6 11. Nc3 Qd6 12. Qb3 Qd7 13. Rfd1 Rd8 14. Ne5 Qc8 15. Rac1 Be7 16. Nxc6 bxc6 17. Qa4 Qb7 18. a3 O-O 19. b4 a6 20. Qc2 Rc8 21. Bg5 Rfd8 22. Na4 Qb5 23. Nc5 h6 24. Bh4 Rd5 25. Ne4 Nxe4 26. Qxe4 Bxh4 27. Qxh4 a5 28. bxa5 Qxa5 29. Qg3 Qb6 30. Qc3 Qa7 31. g3 Rcd8 32. Qxc6 Qxa3 33. Qc7 Qf8 34. Qc4 Qd6 35. Re1 Rxd4 36. Qc7 Rd2 37. Qxd6 R2xd6 38. Rc7 R6d7 39. Rxd7 Rxd7 40. Kg2 g5 41. h3 Kg7 42. Ra1 Kg6 43. Ra5 Rd5 44. Ra6 Rd2 45. Ra5 h5 46. Rb5 Rd5 47. Rb4 f5 48. Rb8 g4 49. h4 Rd7 50. Rg8+ Rg7 51. Re8 Kf6 52. Rh8 Kg6 53. Re8 Kf6 54. Rh8 Kg6 55. Re8 1/2-1/2


[Site "https://www.chess.com"]

[Event "Titled Tuesday Blitz April 4 Early 2023"]
[White "Ai, Evan"]
[Black "Pham, Le Thao Nguyen"]
[WhiteFideId "2094770"]
[BlackFideId "12401226"]
[WhiteElo "1963"]
[BlackElo "2286"]
[Result "0-1"]
[Round "02"]
[TimeControl "180+2"]
[Date "2023.04.04"]
[WhiteClock "0:00:39"]
[BlackClock "0:01:28"]

1. e4 c5 2. Nf3 e6 3. d4 cxd4 4. Nxd4 a6 5. Bd3 Nc6 6. Nxc6 dxc6 7. c4 e5 8. Nc3 Bc5 9. O-O Ne7 10. Qe2 O-O 11. Rd1 Qc7 12. a3 Ng6 13. b4 Bd4 14. Bb2 Nf4 15. Qf3 Qe7 16. Rab1 Qg5 17. Qg3 Qh5 18. Rd2 Be6 19. Ne2 Nxd3 20. Qxd3 Bxb2 21. Rdxb2 Rfd8 22. Qc3 b5 23. Ng3 Rd1+ 24. Nf1 Bxc4 25. Qc2 Rad8 26. Rxd1 Qxd1 27. Qb1 Bxf1 0-1


[Site "https://www.chess.com"]

[Event "Titled Tuesday Blitz April 4 Early 2023"]
[White "Skaric, Djuro"]
[Black "Makaj, Marko"]
[WhiteFideId "934569"]
[BlackFideId "14508141"]
[WhiteElo "2282"]
[BlackElo "2302"]
[Result "0-1"]
[Round "02"]
[TimeControl "180+2"]
[Date "2023.04.04"]
[WhiteClock "0:02:51"]
[BlackClock "0:02:40"]

1. g3 g6 2. Bg2 Bg7 3. d3 Nf6 4. Nf3 O-O 5. O-O c5 6. Nc3 Nc6 7. h3 Rb8 8. e4 b5 9. Ne2 d5 10. Ne1 a5 11. f4 dxe4 12. dxe4 Qxd1 0-1


[Site "https://www.chess.com"]

[Event "Titled Tuesday Blitz April 4 Early 2023"]
[White "Weishaeutel, Moritz"]
[Black "Kujawski, Adam"]
[WhiteFideId "12967300"]
[BlackFideId "1100920"]
[WhiteElo "2301"]
[BlackElo "2054"]
[Result "1/2-1/2"]
[Round "02"]
[TimeControl "180+2"]
[Date "2023.04.04"]
[WhiteClock "0:00:10"]
[BlackClock "0:00:12"]

1. d4 Nf6 2. g4 Nxg4 3. e4 Nf6 4. e5 Ng8 5. Nf3 d5 6. c4 c6 7. Nc3 Bg4 8. h3 Bxf3 9. Qxf3 e6 10. Be3 Ne7 11. Bd3 dxc4 12. Bxc4 Nf5 13. O-O-O Nd7 14. Kb1 Nb6 15. Bd3 g6 16. Ne4 Be7 17. h4 h6 18. h5 g5 19. Bc2 Qd7 20. Nf6+ Bxf6 21. exf6 O-O-O 22. Rd3 Nd5 23. Ra3 Kb8 24. Rc1 Rhg8 25. Qe2 g4 26. Qe1 g3 27. Bxf5 exf5 28. fxg3 Rge8 29. Qd2 Nxe3 30. Rxe3 Rxe3 31. Qxe3 Qxd4 32. Qxh6 Qe4+ 33. Ka1 Rg8 34. Qf4+ Qxf4 35. gxf4 Kc7 36. h6 Kd6 37. h7 Rh8 38. Rh1 Ke6 39. Rh6 Kd5 40. Kb1 Ke4 41. Rh4 Kf3 42. Kc2 Kg3 43. Rh1 Kxf4 44. Kd3 Kg5 45. Ke3 Kxf6 46. Kf4 Kg7 47. Rg1+ Kf8 48. Rh1 Kg7 49. Rg1+ Kf6 50. Rh1 a5 51. Rh5 Kg6 52. Rg5+ Kxh7 53. Rxf5 Kg6 54. Rxa5 Rh4+ 55. Ke3 Rb4 56. b3 Rb5 57. Ra8 Kf5 58. Kd3 f6 59. Kc4 Kf4 60. a4 Re5 61. Rb8 Re7 62. a5 f5 63. Kc5 Ke3 64. Kb6 f4 65. Rxb7 Rxb7+ 66. Kxb7 f3 67. a6 f2 68. a7 f1=Q 69. a8=Q Qb5+ 70. Kc7 Qxb3 71. Qxc6 Qf7+ 72. Kb6 Qb3+ 73. Ka5 Qa2+ 74. Kb4 Qb2+ 75. Ka5 Qa2+ 76. Kb6 Qb2+ 77. Kc7 Qg7+ 78. Kd8 Qd4+ 79. Ke7 Qe4+ 80. Qxe4+ Kxe4 1/2-1/2


[Site "https://www.chess.com"]

[Event "Titled Tuesday Blitz April 4 Early 2023"]
[White "Degenbaev, Aziz"]
[Black "Ruperez Benito, Antonio"]
[WhiteFideId "13802640"]
[BlackFideId "22245049"]
[WhiteElo "2152"]
[BlackElo "2273"]
[Result "0-1"]
[Round "02"]
[TimeControl "180+2"]
[Date "2023.04.04"]
[WhiteClock "0:01:50"]
[BlackClock "0:02:24"]

1. e4 e6 2. d4 d5 3. Nc3 Bb4 4. e5 c5 5. a3 Bxc3+ 6. bxc3 Qa5 7. Bd2 Qa4 8. Qg4 Kf8 9. Nf3 Nc6 10. h4 Nge7 11. h5 h6 12. Qf4 Qxc2 13. a4 c4 14. Be2 Na5 15. O-O Nb3 16. Bd1 Qf5 17. Bxb3 Qxf4 18. Bxf4 cxb3 19. Rab1 Nc6 20. Rxb3 Na5 21. Rb5 b6 22. Nd2 Ba6 23. Rxa5 Bxf1 0-1


[Site "https://www.chess.com"]

[Event "Titled Tuesday Blitz April 4 Early 2023"]
[White "Girsh, Daniel"]
[Black "Shuvalov, Evgenij"]
[WhiteFideId "30949190"]
[BlackFideId "4187237"]
[WhiteElo "2075"]
[BlackElo "2080"]
[Result "1-0"]
[Round "02"]
[TimeControl "180+2"]
[Date "2023.04.04"]
[WhiteClock "0:00:28"]
[BlackClock "0:00:04"]

1. e4 e6 2. Ne2 d5 3. Ng3 c5 4. Be2 Nc6 5. O-O Nf6 6. d3 Be7 7. Nc3 a6 8. f4 b5 9. e5 Nd7 10. Bf3 g6 11. Nce2 h5 12. Be3 Bb7 13. c3 a5 14. d4 b4 15. Nh1 a4 16. a3 bxa3 17. bxa3 Nb6 18. Nf2 Nc4 19. Bc1 N6a5 20. Nd3 Nb3 21. Rb1 cxd4 22. Nxd4 Nxc1 23. Rxb7 Nxd3 24. Qxd3 Qc8 25. Rfb1 Nxa3 26. R1b6 Nc4 27. Nxe6 Nxb6 28. Qb5+ Nd7 29. Nc7+ Kf8 30. Nxa8 Qxa8 31. Qxd7 Qe8 32. Qc7 Bd8 33. Qc5+ Kg7 34. Bxd5 Rf8 35. e6 Bf6 36. e7 Rh8 37. Bc6 Qc8 38. Qd6 a3 39. Ra7 Bxc3 40. Rxa3 Bf6 41. Ra8 Qf5 42. e8=Q Rxe8 43. Rxe8 Qb1+ 44. Kf2 Qc2+ 45. Re2 Qc4 46. Qd5 Bd4+ 47. Kf1 Qc1+ 48. Re1 Qd2 49. Qf3 Qc2 50. Be4 Qc4+ 51. Qd3 Qc5 52. g3 Bf6 53. Kg2 h4 54. Qe3 h3+ 55. Kxh3 Qh5+ 56. Kg2 Qg4 57. Bf3 Qd7 58. Qe4 Qd2+ 59. Re2 Qa5 60. Qd5 Qc7 61. h4 Qc3 62. h5 gxh5 63. Bxh5 Qa1 64. Qxf7+ Kh6 65. Qg6# 1-0


[Site "https://www.chess.com"]

[Event "Titled Tuesday Blitz April 4 Early 2023"]
[White "Gubajdullin, Alexei"]
[Black "Silvestre, Christian"]
[WhiteFideId "4141202"]
[BlackFideId "30956269"]
[WhiteElo "2279"]
[BlackElo "2346"]
[Result "1-0"]
[Round "02"]
[TimeControl "180+2"]
[Date "2023.04.04"]
[WhiteClock "0:02:18"]
[BlackClock "0:01:39"]

1. d4 Nf6 2. Nf3 g6 3. Bf4 Bg7 4. e3 O-O 5. Be2 d6 6. O-O Nbd7 7. h3 Qe8 8. Bh2 e5 9. c4 Qe7 10. Nc3 c6 11. Rc1 a6 12. b4 b5 13. c5 dxc5 14. dxc5 Rd8 15. Qd6 Qxd6 16. cxd6 Ne8 17. Ne4 Bb7 18. Nc5 Nxd6 19. Nxd7 Rxd7 20. Nxe5 Bxe5 21. Bxe5 a5 22. Rfd1 Rad8 23. bxa5 Nc4 24. Rxd7 Rxd7 25. Bc3 Ba6 26. a4 bxa4 27. Bd4 c5 28. Bxc5 Rc7 29. Bxc4 Rxc5 30. Bxf7+ 1-0


[Site "https://www.chess.com"]

[Event "Titled Tuesday Blitz April 4 Early 2023"]
[White "Mirzanurov, Bulat"]
[Black "Rangel, Daniel"]
[WhiteFideId "4184521"]
[BlackFideId "2124475"]
[WhiteElo "2019"]
[BlackElo "2256"]
[Result "1-0"]
[Round "02"]
[TimeControl "180+2"]
[Date "2023.04.04"]
[WhiteClock "0:00:04"]
[BlackClock "0:00:05"]

1. e4 c5 2. Nf3 g6 3. d4 cxd4 4. Nxd4 Bg7 5. c4 Nc6 6. Be3 Nf6 7. Nc3 O-O 8. Be2 Nxd4 9. Bxd4 d6 10. Qd2 Bd7 11. O-O Bc6 12. f3 Nd7 13. Be3 a5 14. Rac1 Nc5 15. Nb5 Bxb5 16. cxb5 b6 17. Bc4 Qc7 18. Bd5 Rad8 19. Bc6 e6 20. Rfd1 Qe7 21. Bg5 Bf6 22. Bf4 Be5 23. Bh6 Bg7 24. Bxg7 Kxg7 25. Qd4+ e5 26. Qe3 f5 27. Bd5 f4 28. Qf2 h5 29. b3 Rc8 30. a3 Kh6 31. b4 axb4 32. axb4 Na4 33. Bc6 Rc7 34. Qc2 Ra7 35. Ra1 d5 36. Rxa4 Rxa4 37. Qxa4 d4 38. Qb3 Rd8 39. Qb2 Rd6 40. Bd5 Rd7 41. Rc1 Rc7 42. Rxc7 Qxc7 43. Bc6 Qd6 44. Kf1 Qe7 45. h3 Qa7 46. Ke2 Qa4 47. Kd2 Qa7 48. Bd5 Qe7 49. Bc4 Qg5 50. Ke1 Qg3+ 51. Kf1 Qh2 52. Kf2 Qg3+ 53. Kf1 Qh2 54. Bd3 Qh1+ 55. Kf2 Qd1 56. Qc2 Qa1 57. h4 Qa7 58. Qc6 Qa2+ 59. Kg1 Qa1+ 60. Kh2 Qe1 61. Qe8 Qxh4+ 62. Kg1 Qe1+ 63. Kh2 Qg3+ 64. Kg1 Qe1+ 65. Kh2 Qg3+ 66. Kg1 h4 67. Qh8+ Kg5 68. Qd8+ Kh5 69. Qd7 Qe1+ 70. Kh2 Qxb4 71. Qg4+ Kh6 72. Qxh4+ Kg7 73. Qg5 Qd6 74. Qh4 Qc5 75. Qg5 Qd6 76. Bc4 Qc5 77. Bd5 Qd6 78. Qg4 Kf6 79. Qc8 Kg5 80. Kh3 Qe7 81. Qh8 Qf6 82. Qh4# 1-0


[Site "https://www.chess.com"]

[Event "Titled Tuesday Blitz April 4 Early 2023"]
[White "crosky"]
[Black "Mogirzan, Matei-Valeriu"]
[BlackFideId "1257455"]
[WhiteElo "2344"]
[BlackElo "1733"]
[Result "1-0"]
[Round "02"]
[TimeControl "180+2"]
[Date "2023.04.04"]
[WhiteClock "0:00:06"]
[BlackClock "0:00:06"]

1. c4 Nf6 2. Nc3 d6 3. d4 g6 4. e4 Bg7 5. Be2 O-O 6. Bg5 c5 7. d5 Qa5 8. Bd2 a6 9. a4 Qd8 10. Qc2 e5 11. h3 Ne8 12. g4 Kh8 13. Nf3 f5 14. gxf5 gxf5 15. exf5 Bxf5 16. Bd3 Bxd3 17. Qxd3 Qf6 18. Ke2 Nd7 19. Ne4 Qf5 20. Nfg5 h6 21. Ne6 Ndf6 22. f3 Nh5 23. Nxf8 Bxf8 24. Rag1 Bg7 25. Nxc5 Qf6 26. Ne6 b5 27. Rg6 Qf7 28. cxb5 axb5 29. Bxh6 Rxa4 30. Bxg7+ Nexg7 31. Rh6+ Kg8 32. Rg1 Qxe6 33. dxe6 Nf4+ 34. Kd2 Nxd3 35. e7 Ra8 36. Rhg6 Kf7 37. Rxg7+ Ke6 38. Kxd3 b4 39. Rg8 e4+ 40. Kxe4 Ra2 41. e8=Q+ Kf6 42. Qd8+ Ke6 43. Qb6 Rxb2 44. R1g6+ Kf7 45. Ke3 Rb3+ 46. Kf2 Rb2+ 47. Kg3 1-0


[Site "https://www.chess.com"]

[Event "Titled Tuesday Blitz April 4 Early 2023"]
[White "Gallegos Diaz, Carlos Alberto"]
[Black "Dushyant Sharma"]
[WhiteFideId "3900886"]
[BlackFideId "25065130"]
[WhiteElo "2362"]
[BlackElo "2198"]
[Result "1-0"]
[Round "02"]
[TimeControl "180+2"]
[Date "2023.04.04"]
[WhiteClock "0:00:17"]
[BlackClock "0:00:10"]

1. e4 d5 2. d3 dxe4 3. dxe4 Qxd1+ 4. Kxd1 Nc6 5. Be3 e5 6. Nd2 Bd7 7. c3 O-O-O 8. Kc2 f5 9. f3 Nf6 10. Bd3 g6 11. Nh3 Be7 12. Ng5 Rhf8 13. h4 h6 14. Nh3 f4 15. Bf2 Be6 16. b3 Rd7 17. Bc4 Bxc4 18. Nxc4 b5 19. Nd2 Rfd8 20. Rhd1 Nh5 21. Ng1 b4 22. c4 Nd4+ 23. Bxd4 Rxd4 24. Ne2 Rd3 25. c5 Bxc5 26. Nc4 Rxd1 27. Rxd1 Rxd1 28. Kxd1 Bd6 29. Nc1 Kd7 30. Nd3 Ke6 31. Na5 Be7 32. Nc6 Bf6 33. Nxa7 Bxh4 34. Nxb4 Be7 35. Nd5 Bc5 36. Nxc7+ Kd7 37. Nab5 Kc6 38. a4 Nf6 39. Na6 Be3 40. Nb4+ Kb6 41. Ke2 g5 42. Nd3 Nd7 43. b4 h5 44. Nc3 Bd4 45. Nd5+ Kc6 46. b5+ Kd6 47. a5 g4 48. fxg4 hxg4 49. a6 Nb6 50. Nxb6 Bxb6 51. Nb2 Kc5 52. Nd3+ Kxb5 53. Nxe5 Kxa6 54. Nxg4 Kb5 55. Kf3 Bc7 56. e5 Kc4 57. Kxf4 Kd5 58. Kf5 Ba5 59. Nf6+ Kc6 60. g4 Kc7 61. Ke6 Kd8 62. Kf7 Bd2 63. e6 Bb4 64. g5 1-0


[Site "https://www.chess.com"]

[Event "Titled Tuesday Blitz April 4 Early 2023"]
[White "Vaglio Munoz, Jaime"]
[Black "Todorovic, Bojan"]
[WhiteFideId "6500145"]
[BlackFideId "917087"]
[WhiteElo "2199"]
[BlackElo "2266"]
[Result "0-1"]
[Round "02"]
[TimeControl "180+2"]
[Date "2023.04.04"]
[WhiteClock "0:00:04"]
[BlackClock "0:00:20"]

1. Nf3 Nf6 2. c4 g6 3. b3 Bg7 4. Bb2 O-O 5. g3 c6 6. Bg2 d5 7. d3 a5 8. a3 Bg4 9. O-O Qc8 10. cxd5 Nxd5 11. Bxg7 Kxg7 12. Qd2 Bh3 13. Qb2+ Kg8 14. Nbd2 Bxg2 15. Kxg2 Nd7 16. h4 h5 17. Rfc1 N7f6 18. b4 axb4 19. axb4 Qc7 20. b5 Qb6 21. Rab1 Ng4 22. Qd4 Qxd4 23. Nxd4 Ra2 24. N4b3 cxb5 25. Rc5 e6 26. Rbc1 b4 27. R1c4 Ne5 28. Re4 Nc6 29. Nf3 Nc3 30. Rec4 Rxe2 31. Nbd4 Nxd4 32. Nxd4 Rb2 33. Rc7 Nd5 34. Rxb7 Ne3+ 35. Kf3 Nxc4 36. dxc4 Rc8 37. Ne2 Rxc4 38. Nf4 Rc3+ 39. Ke4 Rxf2 40. Rxb4 Rxg3 41. Rb8+ Kg7 42. Rb7 Rg4 43. Ke5 Rfxf4 44. Kd6 Rxh4 45. Ke7 Rhg4 46. Rb2 h4 47. Rh2 Rg3 48. Rh1 h3 49. Rh2 Rff3 50. Rh1 Rg2 51. Kd6 h2 52. Ke5 Rff2 53. Ke4 Rg1 54. Rxh2 Rxh2 0-1


[Site "https://www.chess.com"]

[Event "Titled Tuesday Blitz April 4 Early 2023"]
[White "Matveeva, Olga"]
[Black "Flynn, Jacob"]
[WhiteFideId "24107018"]
[BlackFideId "2509393"]
[WhiteElo "2056"]
[BlackElo "2053"]
[Result "1-0"]
[Round "02"]
[TimeControl "180+2"]
[Date "2023.04.04"]
[WhiteClock "0:00:09"]
[BlackClock "0:00:01"]

1. d4 Nf6 2. c4 e6 3. g3 d5 4. Nf3 Bb4+ 5. Bd2 Be7 6. Bg2 O-O 7. O-O c6 8. Qc2 a5 9. Rd1 Nbd7 10. Bf4 Nh5 11. Bc1 Nhf6 12. Bf4 b6 13. Ne5 Nxe5 14. dxe5 Nd7 15. e4 Bb7 16. exd5 cxd5 17. cxd5 Rc8 18. Qe2 exd5 19. Bxd5 Bxd5 20. Rxd5 Rc5 21. Nc3 Rxd5 22. Nxd5 Bc5 23. Rd1 Qe8 24. Nc7 Qe7 25. e6 fxe6 26. Qxe6+ Rf7 27. Qxe7 Rxe7 28. Bd6 Re2 29. Bxc5 Nxc5 30. Rd8+ Kf7 31. Nd5 Rxb2 32. Rb8 Na4 33. Rb7+ Kg6 34. Nf4+ Kh6 35. Rc7 Rxa2 36. h4 g5 37. Rc6+ Kg7 38. hxg5 b5 39. Nh5+ Kf7 40. Rc7+ Kg6 41. Nf4+ Kxg5 42. Rxh7 Nc3 43. Kg2 b4 44. Rb7 Kf6 45. Nd3 Ne4 46. Rb6+ Ke7 47. g4 Rd2 48. Kf3 Nd6 49. Nf4 Ra2 50. Nd5+ Kd7 51. g5 Nc4 52. Ra6 Ne5+ 53. Ke4 Nf7 54. Nf6+ Ke7 55. Nd5+ Kf8 56. g6 1-0


[Site "https://www.chess.com"]